 Dungeon Crawl Stone Soup version 0.30.1-1-g62c8e00024 (webtiles) character file.

Game seed: 10161934046554608942

152 Wiggles the Chopper (level 5, -1/45 HPs)
             Began as a Minotaur Berserker on July 17, 2023.
             Was a Believer of Trog.
             Slain by anestheticheart's ghost (7 damage)
             ... on level 3 of the Dungeon.
             The game lasted 00:03:53 (2482 turns).

Wiggles the Chopper (Minotaur Berserker)            Turns: 2482, Time: 00:03:54

Health: -1/45      AC:  9    Str: 23    XL:     5   Next: 11%
Magic:  4/4        EV:  9    Int:  4    God:    Trog [**....]
Gold:   175        SH:  0    Dex: 10    Spells: 4/4 levels left

rFire   . . .        c - +2 broad axe (heavy)
rCold   . . .        (no shield)
rNeg    . . .        q - +0 chain mail
rPois   .            (helmet restricted)
rElec   .            (no cloak)
rCorr   .            (no gloves)
SInv    .            j - +0 pair of boots
Will    +....        (no amulet) Stlth
                     m - ring of willpower
HPRegen 0.27/turn    (no ring)
MPRegen 0.09/turn

%: no passive effects
@: on berserk cooldown, slowed, very slow
A: horns 2, retaliatory headbutt
a: Renounce Religion, Berserk, Trog's Hand


You were on level 3 of the Dungeon.
You worshipped Trog.
Trog was pleased with you.
You visited 1 branch of the dungeon, and saw 3 of its levels.

You collected 175 gold pieces.

Inventory:

Hand Weapons
 c - a +2 heavy broad axe (weapon)
Missiles
 r - 2 throwing nets (quivered)
Armour
 j - a +0 pair of boots (worn)
 q - a +0 chain mail (worn)
Jewellery
 d - a ring of ice
 m - a ring of willpower (left hand)
Scrolls
 a - 4 scrolls of amnesia {unknown}
 b - 3 scrolls of teleportation {unknown}
 h - 2 scrolls of vulnerability {unknown}
 i - 5 scrolls of identify {unknown}
 o - 2 scrolls of enchant armour {unknown}
 t - a scroll of magic mapping {unknown}
Potions
 e - a potion of invisibility {unknown}
 f - a potion of attraction {unknown}
 g - a potion of flight {unknown}
 k - 2 potions of berserk rage {unknown}
 l - 2 potions of curing {unknown}
 n - a potion of degeneration {unknown}
 p - 3 potions of heal wounds {unknown}
 s - a potion of brilliance {unknown}


   Skills:
 - Level 3.6 Fighting
 + Level 6.9 Axes
 - Level 2.4 Armour
 - Level 2.1 Dodging
 + Level 0.6 Stealth


You had 4 spell levels left.
You didn't know any spells.
Your spell library was empty.

Dungeon Overview and Level Annotations

Branches:
Dungeon (3/15)

Altars:

Shops:
D:3 (:

Annotations:
D:3 1 runed translucent door, anestheticheart's ghost, amateur GrRe


Innate Abilities, Weirdness & Mutations

You have a pair of horns on your head.
You reflexively headbutt those who attack you in melee.


Message History

You feel very sick. The bullfrog closely misses you.
The bullfrog hits you but does no damage.
The bullfrog hits you.
Anestheticheart's ghost hits you but does no damage.
The bullfrog hits you.
You closely miss anestheticheart's ghost.
You headbutt anestheticheart's ghost.
Anestheticheart's ghost is lightly damaged.
You slash the giant cockroach!
You kill the giant cockroach!
Trog accepts your kill.
You barely miss the bullfrog.
You feel sick.
You are no longer poisoned.
The bullfrog hits you but does no damage. x2
Anestheticheart's ghost hits you.
The bullfrog hits you but does no damage.
Anestheticheart's ghost hits you! The bullfrog hits you.
Anestheticheart's ghost hits you.
You slash anestheticheart's ghost!
Anestheticheart's ghost is moderately damaged.
You closely miss the bullfrog. The bullfrog barely misses you.
You furiously retaliate!
You headbutt the bullfrog! The bullfrog hits you.
Anestheticheart's ghost hits you.
The bullfrog hits you but does no damage.
Anestheticheart's ghost says, "I will blast you to bits."
Anestheticheart's ghost hits you.
* * * LOW HITPOINT WARNING * * *
The bullfrog barely misses you. Anestheticheart's ghost hits you.
* * * LOW HITPOINT WARNING * * *
The bullfrog hits you but does no damage.
You barely miss anestheticheart's ghost.
Anestheticheart's ghost is moderately damaged.
You closely miss the bullfrog. The bullfrog barely misses you. x2
Anestheticheart's ghost hits you.
* * * LOW HITPOINT WARNING * * *
The bullfrog hits you.
* * * LOW HITPOINT WARNING * * *
Anestheticheart's ghost hits you!
You die...

..##.#.......#...#.###..### #.#
...#.###..####...#.# #..# #.#
......##.........#.# #..# #.#
#......#...........# #..# #.#
##.....#.##.###.#### #..# #.#
#...##.#.##.# #.# #..# #.#
...##....##.# #.# #..# #.#
.......>.##.###.######..#####.#
#.###....#...##.@.............#
.#......>......FW†......#########
.#.#######...###'#####...........
.#.# ##.###~~~# ############ .#.#
#.# #~~~# #.. .#.# #.# #~~~# #.#
.#.# #.# #~~~# #.# .#.# #.# #~(~#
##.# .#.# #.# #~~~# ##...


You could see a bullfrog and anestheticheart's ghost.

Vanquished Creatures
  Terence (D:3)
  4 gnolls
  2 adders
  A worm (D:3)
  A dart slug (D:1)
  7 ball pythons
  4 bats
  7 endoplasms
  4 giant cockroaches
  10 goblins
  3 hobgoblins
  3 jackals (D:1)
  2 quokkas
  5 frilled lizards
  4 kobolds
  5 rats
63 creatures vanquished.

Notes
Turn   | Place    | Note
-------+----------+-------------------------------------------
     0 | D:1      | Wiggles the Minotaur Berserker began the quest for the Orb.
     0 | D:1      | Reached XP level 1. HP: 19/19 MP: 0/0
    61 | D:1      | Reached skill level 4 in Axes
   104 | D:1      | Reached XP level 2. HP: 26/26 MP: 1/1
   271 | D:1      | Reached skill level 5 in Axes
   351 | D:1      | Reached XP level 3. HP: 30/31 MP: 2/2
   401 | D:1      | Reached ** piety under Trog
   402 | D:1      | Found a faded altar of an unknown god.
  1454 | D:2      | Reached XP level 4. HP: 39/39 MP: 3/3
  1900 | D:3      | Found Ileoh's Antique Weapon Emporium.
  1937 | D:3      | Noticed Terence
  1940 | D:3      | Killed Terence
  1941 | D:3      | Reached skill level 6 in Axes
  2014 | D:3      | Found a runed translucent door.
  2019 | D:3      | Noticed anestheticheart's ghost (amateur GrRe)
  2082 | D:3      | Found Mitteixiv's Book Emporium.
  2154 | D:3      | Found a runed translucent door.
  2195 | D:3      | Reached XP level 5. HP: 45/45 MP: 4/4
  2482 | D:3      | Slain by anestheticheart's ghost

Illustrated notes

Levels and vault maps discovered:
D:1:      erik_arrival_cave_to_civilisation [erik_arrival_cave_to_hall],
          layout_loops_ring, hellmonk_ecumenical_altar_dog_temple,
          minmay_bisected
D:2:      layout_loops_cross
D:3:      layout_loops_ring, serial_shops, nicolae_shop_advertising_works
          [nicolae_subvault_shop_adworks], shop, ebering_ghost_sewer_f,
          uniq_terence

Skill      XL: |  1  2  3  4 |
---------------+-------------+-----
Axes           | 4 5 6 |  6.9
Fighting       | |  3.6
Armour         | |  2.4
Dodging        | |  2.1
Stealth        | |  0.6

Action                     |  1- 3 |  4- 6 || total
---------------------------+-------+-------++-------
  Melee: Hand axe          |     9 |       ||     9
         Broad axe         |    61 |    29 ||    90
         Headbutt          |    11 |     3 ||    14
 Invoke: Berserk           |       |     1 ||     1
 Armour: Animal skin       |    17 |       ||    17
         Scale mail        |     4 |     9 ||    13
         Chain mail        |       |    14 ||    14
  Dodge: Dodged            |    55 |    23 ||    78
